 Dungeon Crawl Stone Soup version bcrawl-1.38.3 (webtiles) character file.

Game seed: 8183852106533606732

13876742 MisterOstroum the Fencer (level 27, 237/237 HPs)
             Began as a Demigod Wanderer on May 14, 2023.
             Escaped with the Orb
             ... and 3 runes on June 5, 2023!
             The game lasted 05:37:44 (70695 turns).

MisterOstroum the Fencer (Demigod Wanderer)        Turns: 70695, Time: 05:37:45

Health: 237/237    AC: 36    Str: 51    XL:     27
Magic:  41/41      EV: 19    Int: 18    God:    Demigod [*****.]
Gold:   1263       SH: 34    Dex: 22    Spells: 27/42 levels left

rFire    + + .     GDR:     42% a - +5 double sword (slice)
rCold    + + +     SeeInvis .   y - +0 medium shield "Saogell" {rN+ Str+8}
rNeg     + . .     Gourm    .   D - +8 gold dragon scales
rPois    +         Faith    .   w - +0 Maxwell's etheric cage {RegenMP+ *Contam rElec Stlth-}
rElec    +         Spirit   .   R - +2 cloak {rPois}
rCorr    .         Reflect  +   l - +2 pair of gloves {Dex+3}
MR       ++...                  f - +2 pair of boots {Fly}
Stlth    ..........             M - amulet of Fatigue {Reflect rElec Int+4 Dex+3 SH+4}
HPRegen  0.49/turn              k - ring of Attitude {rF+ rC++} MPRegen 1.77/turn*
                                U - +7 ring of strength

@: no status effects
A: large bone plates 1, thin metallic scales 1, cold resistance 1, deformed
body, deterioration 1, high mp 1, mutation resistance 1, poison resistance
0: Orb of Zot
}: 3/15 runes: decaying, barnacled, silver
a: Temporal Distortion, Growth, Major Destruction, Heroism, Divine Shield, Evoke
Flight


You escaped.
You worshipped Demigod.
Demigod was extremely pleased with you.
You were full.

You visited 10 branches of the dungeon, and saw 43 of its levels.
You visited the Abyss 1 time.
You visited 1 bazaar.
You also visited: Sewer, Ossuary, Ice Cave and Desolation.

You collected 9940 gold pieces.
You spent 8677 gold pieces at shops.

Inventory:

Hand Weapons
 a - a +5 double sword of slicing (weapon)
 b - a +6 fustibalus of freezing
Missiles
 s - 959 sling bullets
 F - 1174 javelins (quivered)
 G - 15 throwing nets {=f!f}
 I - 1938 poisoned tomahawks
Armour
 f - a +2 pair of boots of flying (worn)
 l - a +2 pair of gloves of dexterity (worn)
 w - the +0 Maxwell's etheric cage (worn) {RegenMP+ *Contam rElec Stlth-}
   (You found it on level 3 of the Elven Halls)

   It insulates you from electricity.
   It causes magical contamination when unequipped.
   It makes you less stealthy.
 y - the +0 medium shield "Saogell" (worn) {rN+ Str+8}
   (You took it off a gnoll sergeant on level 7 of the Dungeon)

   It affects your strength (+8).
   It protects you from negative energy.
 D - +8 gold dragon scales (worn)
 R - a +2 cloak of poison resistance (worn)
Jewellery
 g - an uncursed ring of positive energy
 k - the ring of Attitude (left hand) {rF+ rC++}
   (You bought it in a shop on level 1 of the Vaults)

   [ring of protection from fire]

   It protects you from fire.
   It greatly protects you from cold.
 t - the ring of Ovanalo Caar {Ice +Blink Int+3 Dex+4}
   (You found it in the Desolation of Salt)

   [ring of ice]

   It enhances your ice magic.
   It affects your intelligence (+3).
   It affects your dexterity (+4).
   It makes you vulnerable to fire.
   It protects you from cold.
   It lets you blink.
 v - the ring of Pidee {rCorr Dex+3}
   (You took it off an imperial myrmidon in the Desolation of Salt)

   [ring of resist corrosion]

   It affects your dexterity (+3).
   It provides partial protection from all sources of acid and corrosion.
 M - the amulet of Fatigue (around neck) {Reflect rElec Int+4 Dex+3 SH+4}
   (You bought it in a shop on level 4 of the Dungeon)

   [amulet of reflection]

   It shields you and reflects attacks.
   It affects your intelligence (+4).
   It affects your dexterity (+3).
   It insulates you from electricity.
   It affects your SH (+4).
 N - an uncursed ring of flight
 U - a +7 ring of strength (right hand)
Wands
 c - a wand of digging (3)
 d - a wand of paralysis (9)
 h - a wand of iceblast (25)
 i - a wand of acid (16)
 m - a wand of scattershot (9)
 n - a wand of clouds (16)
 B - a wand of charming (16)
Scrolls
 p - a scroll of fog
 r - 4 scrolls of teleportation {@r3!r}
 u - 3 scrolls of magic mapping {@r5!r}
 K - a scroll of silence
 O - 8 scrolls of immolation
 P - 6 scrolls of fear
 Y - 3 scrolls of blinking {@r4}
Potions
 A - 3 potions of berserk rage
 C - a potion of brilliance
 H - 3 potions of magic {@q4 !q}
 J - 3 potions of agility {@q5 !q}
 L - 4 potions of heal wounds {@q2 !q}
 Q - 12 potions of curing {@q1 !q}
 S - 3 potions of haste {@q3 !q}
 T - 6 potions of might
 V - 7 potions of mutation
 W - 4 potions of cancellation
 X - 11 potions of lignification {@q6}
 Z - 5 potions of resistance
Miscellaneous
 j - a lightning rod (4/4)
 o - a phial of floods
 q - a sack of spiders
 x - a lamp of fire
 z - a fan of gales (2/2)
 E - 3 phantom mirrors
Comestibles
 e - 51 rations {!d}


   Skills:
 + Level 17.7 Fighting
   Level 2.0(13.2) Short Blades
 * Level 19.2(19.3) Long Blades
   Level 1.0 Axes
 - Level 16.0(18.6) Slings
 - Level 16.2(18.6) Throwing
 + Level 14.3 Armour
 + Level 14.4 Dodging
 - Level 2.1 Stealth
 + Level 13.7 Shields
 - Level 8.0 Spellcasting
 - Level 10.0 Charms
 - Level 6.0 Necromancy
 - Level 5.0 Translocations
 - Level 6.6 Air Magic
   Level 1.7 Earth Magic
 + Level 18.5 Invocations
 - Level 15.0 Evocations


You had 27 spell levels left.
You knew the following spells:

 Your Spells              Type           Power        Failure   Level  Hunger
a - Infusion              Chrm           #####...     3%          1    None
b - Apportation           Tloc           ####..       28%         1    None
c - Deflect Missiles      Chrm/Air       #####.....   100%        6    ######.
d - Swiftness             Chrm/Air       #####...     12%         2    None
B - Blink                 Tloc           N/A          41%         2    None
H - Regeneration          Chrm/Necr      #####.....   26%         3    None

Your spell library contained the following spells:

 Spells                   Type           Power        Failure   Level  Hunger
 Static Discharge         Air            ####..       16%         1    None
 Necrotize                Necr           ####..       19%         1    None
 Sublimation of Blood     Necr           ####......   28%         2    None
 Poisonous Vapours        Pois/Air       ###...       65%         2    None
 Shock                    Conj/Air       ###....      65%         2    None
 Ozocubu's Armour         Chrm/Ice       ####....     65%         3    None
 Sandblast                Erth           ##....       73%         1    None
 Throw Frost              Conj/Ice       #.....       77%         2    None
 Agony                    Necr           ####....     88%         4    ###....
 Animate Dead             Necr           N/A          88%         4    ###....
 Corona                   Hex            #......      92%         1    None
 Freeze                   Ice            #.....       92%         1    None
 Magic Dart               Conj           #...         92%         1    None
 Slow                     Hex            #.......     92%         1    None
 Sting                    Conj/Pois      #...         92%         1    None
 Summon Butterflies       Summ           #.......     92%         1    None
 Summon Small Mammal      Summ           #...         92%         1    None
 Passwall                 Tmut/Erth      ##......     94%         2    None
 Recall                   Summ/Tloc      N/A          94%         3    None
 Mephitic Cloud           Conj/Pois/Air  ###.....     95%         3    None
 Call Imp                 Summ           #.....       98%         2    None
 Ensorcelled Hibernation  Hex/Ice        #.....       98%         2    None
 Searing Ray              Conj           #.......     98%         2    None
 Stone Arrow              Conj/Erth      ##....       99%         3    None
 Lightning Bolt           Conj/Air       ###.....     99%         4    ###....
 Dispel Undead            Necr           ####....     99%         5    #####..
 Call Canine Familiar     Summ           #.......     100%        3    None
 Conjure Flame            Conj/Fire      #.......     100%        3    None
 Ignite Poison            Fire/Tmut/Pois #.......     100%        3    None
 Iskenderun's Mystic Bla  Conj           #.......     100%        3    None
 Spider Form              Tmut/Pois      #..          100%        3    None
 Fulminant Prism          Conj/Hex       #.........   100%        4    ###....
 Ice Form                 Ice/Tmut       #.......     100%        4    ###....
 Olgreb's Toxic Radiance  Pois           #........    100%        4    ###....
 Petrify                  Tmut/Erth      ##........   100%        4    ###....
 Sticky Flame             Conj/Fire      #.......     100%        4    ###....
 Summon Ice Beast         Ice/Summ       #.......     100%        4    ###....
 Summon Scorpions         Summ/Pois      #.......     100%        4    ###....
 Throw Icicle             Conj/Ice       #.......     100%        4    ###....
 Bolt of Magma            Conj/Fire/Erth #.........   100%        5    #####..
 Fireball                 Conj/Fire      #.........   100%        5    #####..
 Freezing Cloud           Ice/Air        ###.....     100%        5    #####..
 Irradiate                Conj/Tmut      #.........   100%        5    #####..
 Lee's Rapid Deconstruct  Erth           ##........   100%        5    #####..
 Silence                  Hex/Air        ###.......   100%        5    #####..
 Steam Barrier            Chrm/Fire      ####......   100%        5    #####..
 Summon Demon             Summ           #.........   100%        5    #####..
 Summon Forest            Summ/Tloc      ###.......   100%        5    #####..
 Summon Lightning Spire   Summ/Air       ###.....     100%        5    #####..
 Summon Mana Viper        Hex/Summ       #.......     100%        5    #####..
 Venom Bolt               Conj/Pois      #.........   100%        5    #####..
 Aura of Abjuration       Summ           #.........   100%        6    ######.
 Bolt of Fire             Conj/Fire      #.........   100%        6    ######.
 Borgnjor's Vile Clutch   Necr/Erth      ###.......   100%        6    ######.
 Conjure Ball Lightning   Conj/Air       ###.......   100%        6    ######.
 Darkness                 Hex            #.........   100%        6    ######.
 Death Channel            Chrm/Necr      #####.....   100%        6    ######.
 Infestation              Hex/Tmut/Pois  #........    100%        6    ######.
 Invisibility             Hex            #.......     100%        6    ######.
 Iron Shot                Conj/Erth      ##........   100%        6    ######.
 Ozocubu's Refrigeration  Ice            #.........   100%        6    ######.
 Simulacrum               Ice/Necr       ###.....     100%        6    ######.
 Statue Form              Tmut/Erth      ##.......    100%        6    ######.
 Virulence                Hex/Pois       #.......     100%        6    ######.
 Haunt                    Necr/Summ      ###.......   100%        7    #######
 Malign Gateway           Summ/Tloc      ###.......   100%        7    #######
 Monstrous Menagerie      Summ           #.........   100%        7    #######
 Shadow Creatures         Summ           N/A          100%        7    #######
 Spellforged Servitor     Conj/Summ      #.........   100%        7    #######
 Summon Greater Demon     Summ           #.........   100%        7    #######
 Borgnjor's Revivificati  Necr           ####......   100%        8    #######
 Chain Lightning          Conj/Air       ###.......   100%        8    #######
 Ignition                 Fire           #.........   100%        8    #######
 Necromutation            Tmut/Necr      ###.....     100%        8    #######
 Summon Horrible Things   Summ           #.........   100%        8    #######
 Time Stop                Chrm/Tloc      N/A          100%        8    #######
 Shatter                  Erth           ##........   100%        9    #######
 Passage of Golubria      Tloc           Unusable     N/A         5    N/A

Dungeon Overview and Level Annotations

Branches:
Dungeon (12/12)            Temple (0/1) D:7            Lair (6/6) D:8
  Swamp (3/3) Lair:3       Shoals (3/3) Lair:2        Slime (0/5) Lair:5
    Orc (1/1) D:10            Elf (3/3) Orc          Vaults (3/3) D:12
  Crypt (2/2) Vaults:2       Tomb (0/3) Crypt:2      Depths (5/5) D:12
    Zot (5/5) Depths:5

Shops:
D:4 =   D:5 ?   D:6 %   D:7 *   D:10 ?(:(*   D:11 =   Orc (}[?   Elf:1 }(}=
Elf:3 ?   Vaults:1 =   Vaults:2 *

Portals:
Hell: Depths:1 Depths:2 Depths:3 Depths:4 Depths:5
Pandemonium: Depths:1 Depths:3
Ziggurat: Depths:5
Trove: D:10 (give +4 storm dragon scales)

Annotations:
D:1 gg, exclusion: worm
Swamp:3 2 transporters, Enish's ghost, adept EnSA
Shoals:2 1 runed translucent door, fifreuwaquouxo3460's ghost, journeyman TrAc
Depths:3 1 exclusion
Depths:4 6 runed doors, exclusion: phantasmal warrior
Zot:1 1 exclusion
Zot:4 2 transporters, exclusions: obsidian statue and 1 more exclusion


Innate Abilities, Weirdness & Mutations

You have an increased reservoir of magic. (+10% MP)
You are partially covered in large bone plates. (SH +4)
You are partially covered in thin metallic scales. (AC +2)
Your flesh is cold resistant. (rC+)
Armour fits poorly on your strangely shaped body.
Your body sometimes deteriorates upon taking damage.
You are somewhat resistant to further mutation.
Your system is resistant to poisons. (rPois)


Message History

The Executioner gestures.
The Executioner seems to speed up.
A rune on the stairs sparks and fizzles.
You climb upwards.
There is a stone staircase leading down here.
Really quaff
S - 5 potions of haste {@q3 !q}?
You feel yourself speed up.
(D) Dungeon (T) Temple (L) Lair (S) Swamp (A) Shoals (M) Slime Pits (O) Orcish Mines (E) Elven Halls (V) Vaults (C) Crypt (W) Tomb (U) Depths (H) Hell (Z) Zot
Where to? (* - list waypoints, Enter - D:1 @ (x,y), ? - help)
Things that are here:
a +0 leather armour; a +0 club
There is a stone staircase leading up, spattered with blood here.
You climb upwards.
There is a stone staircase leading down here.
You see here a +0 war axe.
There is a stone staircase leading up, spattered with blood here.
You climb upwards.
There is a stone staircase leading down, spattered with blood here.
A red devil and a balrug come into view.
The balrug is wielding a +0 demon blade of draining.
You see here a +0 flail.
There is an open door here.
The balrug gestures at you. The sticky flame misses you.
There is an open door here.
There is a stone staircase leading up here.
A rune on the stairs sparks and fizzles.
You climb upwards.
There is a stone staircase leading down here.
(D) Dungeon (T) Temple (L) Lair (S) Swamp (A) Shoals (M) Slime Pits (O) Orcish Mines (E) Elven Halls (V) Vaults (C) Crypt (W) Tomb (U) Depths (H) Hell (Z) Zot
Where to? (* - list waypoints, Enter - D:1 @ (x,y), ? - help)
There is a large open door here.
There is a large open door here.
Your extra speed is starting to run out.
A Brimstone Fiend comes into view.
The Brimstone Fiend roars!
As you read the scroll of fog, it crumbles to dust.
The scroll dissolves into smoke.
You feel yourself slow down.
Really quaff
S - 4 potions of haste {@q3 !q}?
You feel yourself speed up.
There is a stone staircase leading up here.
A rune on the stairs sparks and fizzles.
You climb upwards.
There is a stone staircase leading down here.
(D) Dungeon (T) Temple (L) Lair (S) Swamp (A) Shoals (M) Slime Pits (O) Orcish Mines (E) Elven Halls (V) Vaults (C) Crypt (W) Tomb (U) Depths (H) Hell (Z) Zot
Where to? (* - list waypoints, Enter - D:1 @ (x,y), ? - help)
A hell beast comes into view.
The hell beast growls angrily.
Your shield and gold dragon scales prevent you from hitting the hell beast.
You slice the hell beast!!
The hell beast is moderately wounded.
You block the hell beast's attack. x2
You block the hell beast's attack. The hell beast misses you.
The hell beast barely misses you.
The hell beast tramples you but does no damage.
There is an escape hatch in the ceiling here.
Unknown command.
No path to travel!
Really go through this one-way escape hatch?
You block the hell beast's attack.
The hell beast tramples you but does no damage.
A mysterious force pulls you upwards. The hatch slams shut behind you.
Level annotation: exclusion: worm Your extra speed is starting to run out.
You miss the hell beast.
The hell beast is moderately wounded.
You block the hell beast's attack. x2
You slice the hell beast!!
The hell beast is heavily wounded.
You block the hell beast's attack. x2
You slash the hell beast!
Ssssck.
The hell beast is severely wounded.
You slash the hell beast!
The hell beast is almost dead.
You block the hell beast's attack. x2
You chop the hell beast into pieces!!!
You kill the hell beast!
Your kill strengthens your divinity.
No target in view!
(D) Dungeon (T) Temple (L) Lair (S) Swamp (A) Shoals (M) Slime Pits (O) Orcish Mines (E) Elven Halls (V) Vaults (C) Crypt (W) Tomb (U) Depths (H) Hell (Z) Zot
Where to? (* - list waypoints, Enter - D:1 @ (x,y), ? - help)
You feel yourself slow down.
You see here a +0 club.
There is a staircase leading out of the dungeon here.
New annotation for D:1 (include '!' for warning): gg The power of the Orb breaks the dimensional shunt like a soap bubble!
You have escaped!

### ### #.###.#
#.....#####
#..........
########...#####
##.....##.#######
##.#####.#........
#..8≈8≈8.#.#######
#@.≈≈≈≈≈...#...#
#..8≈8≈8.###...#
##.#####.# #...#
##.....## #...#
#############...###
#..................
#.###########...###
#.#............#...
#.#................


There were no monsters in sight!

Vanquished Creatures
  A juggernaut (Vaults:3)
  5 orbs of fire
  2 ancient liches (Zot:5)
  A greater mummy (Crypt:2)
  7 Killer Klowns
  4 golden dragons
  Bai Suzhen (Vaults:3)
  Saint Roka (Vaults:3)
  Margery (Depths:5)
  3 curse toes
  Jory (Crypt:2)
  Frederick (Vaults:2)
  A profane servitor (Crypt:2)
  8 rockslimes
  2 bone dragons (Depths:5)
  2 electric golems
  2 Orb Demons
  Frances (D:11)
  11 tentacled monstrosities
  23 Orb Guardians
  3 liches
  11 death cobs
  3 titans
  2 deep elf master archers (Elf:3)
  4 deep elf blademasters
  Asterion (Vaults:2)
  7 quicksilver dragons
  8 ancient champions (Crypt:2)
  A kraken (Shoals:1)
  5 sphinxes
  Kirke (Lair:4)
  A thorn hunter (Swamp:3)
  3 tengu reavers
  3 ghouls
  8 shadow dragons
  3 revenants (Crypt:2)
  11 storm dragons
  5 draconian monks
  5 frost giants
  5 draconian knights
  8 deep elf sorcerers
  Aizul (Shoals:3)
  12 fire giants
  A balrug (Depths:5)
  2 war gargoyles (Vaults:3)
  4 iron dragons
  3 imperial myrmidons (Desolation)
  11 vault wardens
  7 deep elf elementalists (Elf:3)
  23 stone giants
  An orc warlord (Vaults:1)
  8 jiangshi
  A curse skull (Crypt:1)
  2 eyes of devastation
  7 draconian stormcallers
  2 ironheart preservers
  6 draconian shifters
  An elemental wellspring (Shoals:2)
  20 very ugly things
  3 spriggan defenders
  6 draconian annihilators
  8 vampire knights
  7 draconian scorchers
  7 deep elf demonologists
  8 green draconians
  7 red draconians
  9 yellow draconians
  6 black draconians
  5 purple draconians
  A halazid warlock (Desolation)
  16 deep elf annihilators (Elf:3)
  5 dire elephants (Vaults:1)
  3 spark wasps (Depths:1)
  9 white draconians
  2 eidola (Crypt:1)
  2 entropy weavers
  2 deep elf death magi
  8 ragged hierophants (Desolation)
  A mummy priest (Crypt:2)
  4 merfolk javelineers
  15 ettins
  2 crystal guardians
  10 merfolk impalers
  9 yaktaur captains
  9 fire dragons
  8 deep elf high priests
  13 hydras
  4 rakshasas
  8 peacekeepers
  10 servants of whispers (Desolation)
  8 ogre magi
  31 vault guards
  A hell beast (D:1)
  11 ice dragons
  5 merfolk aquamancers
  8 great orbs of eyes
  A death knight (Crypt:2)
  3 shadow wraiths
  A monstrous demonspawn (Depths:3)
  5 satyrs
  Psyche (D:11)
  A shambling mangrove (Swamp:1)
  An alligator snapping turtle (Shoals:3)
  4 merfolk avatars
  29 dancing weapons
  12 two-headed ogres
  The ghost of Mehrunes the Basher, a novice DgFi of Demigod (D:9)
  2 ironheart beastmasters (Vaults:1)
  Sonja (Lair:4)
  A ghost crab (Swamp:1)
  7 tengu warriors
  2 deep troll earth magi
  6 alligators
  7 sea snakes
  3 orc high priests (Elf:1)
  11 deep troll shamans
  The ghost of Coyote68 the Grappler, a novice DrTm of Wu Jian (D:9)
  6 spriggan berserkers
  The ghost of Cris the Blocker, a novice GnFi of Hepliaklqana (D:9)
  7 vampire magi
  A storm dragon zombie (Crypt:1)
  18 deep elf knights
  3 soul eaters
  24 deep trolls
  2 sun demons (Depths:5)
  Nergalle (Orc)
  3 goliath frogs
  13 centaur warriors
  7 iron trolls
  2 salamander mystics (Depths:2)
  A ghost moth zombie (Crypt:2)
  29 hell knights
  11 cane toads
  23 skeletal warriors
  The ghost of BLiZZARD the Basher, a novice DsAc of Okawaru (D:7)
  An entropy weaver zombie (Vaults:1)
  8 wizards
  5 glowing orange brains
  A shadow demon (Depths:3)
  10 swamp dragons
  An unseen horror (D:11)
  A cyclops (Shoals:2)
  8 phantasmal warriors
  17 deep elf archers
  16 ironheart convokers
  2 iron dragon zombies (Crypt:1)
  15 necromancers
  An orc knight (D:12)
  3 spriggan druids
  4 flayed ghosts
  An orb spider (shapeshifter) (Depths:1)
  8 harpies
  Pikel (D:4)
  2 wolf spider zombies (D:12)
  A shadow dragon skeleton (Crypt:1)
  2 oklob plants (Lair:3)
  A stone giant zombie (Crypt:2)
  A tengu skeleton (Depths:4)
  39 ugly things
  5 orc sorcerers
  58 deep elf magi
  A fire giant zombie (Crypt:2)
  11 manticores
  4 salamanders
  16 fauns
  2 salamanders (shapeshifter)
  24 moths of wrath
  An elephant (shapeshifter) (Depths:5)
  An elephant (Lair:3)
  7 merfolk sirens
  3 will-o'-wisps (Swamp:1)
  2 fire giant skeletons
  3 black mambas
  A spriggan zombie (Depths:4)
  2 ice statues (IceCv)
  17 vault sentinels
  2 storm dragon simulacra
  A torpor snail (shapeshifter) (Depths:2)
  7 water nymphs
  2 guardian serpents (Desolation)
  An orange demon (Depths:3)
  The ghost of jojo4K the Chopper, a novice DsBe of Trog (D:6)
  2 rime drakes (IceCv)
  A human zombie (Vaults:1)
  A hellion (Depths:1)
  A komodo dragon (Lair:1)
  3 eyes of draining
  A kobold demonologist (D:9)
  25 yaktaurs
  2 tengu conjurers (D:12)
  7 flying skulls (Crypt:1)
  8 freezing wraiths
  A yellow draconian skeleton (Crypt:2)
  An efreet (D:12)
  6 guardian mummies (Crypt:2)
  2 hydra zombies (Swamp:2)
  A queen bee (Lair:3)
  14 tyrant leeches
  2 red devils
  9 hornets
  2 meliai (shapeshifter)
  4 wind drakes
  A wind drake (shapeshifter) (Depths:5)
  A queen bee (shapeshifter) (Depths:1)
  9 trolls
  27 merfolk
  A tengu simulacrum (Vaults:1)
  A death drake skeleton (Crypt:1)
  7 hippogriffs
  58 saltlings (Desolation)
  5 blink frogs (Lair:5)
  An alligator zombie (Swamp:2)
  A fire dragon zombie (Crypt:2)
  11 bog bodies
  54 slime creatures
  A stone giant simulacrum (Vaults:3)
  8 snapping turtles
  12 dream sheep
  A hydra skeleton (Crypt:2)
  6 vampires
  15 water elementals
  Grum (D:8)
  19 yaks
  5 wyverns
  2 air elementals
  2 spriggans (Depths:4)
  9 hogs
  A human (D:7)
  4 wraiths
  3 basilisks
  A fire elemental (Depths:2)
  A golden eye (shapeshifter) (Vaults:1)
  9 vampire mosquitoes
  A human simulacrum (Vaults:1)
  A hungry ghost (D:10)
  A steam dragon (D:12)
  A redback (Vaults:3)
  8 wargs
  A swamp worm (shapeshifter) (D:12)
  15 swamp worms
  7 porcupines
  10 water moccasins
  A monstrous demonspawn skeleton (Crypt:1)
  15 crocodiles
  A floating eye (shapeshifter) (Depths:4)
  A faun skeleton (Crypt:2)
  3 hornet zombies
  A swamp drake (shapeshifter) (Vaults:3)
  21 orc warriors
  A black bear (D:8)
  2 phantoms
  8 swamp drakes
  17 ice beasts
  2 sky beasts (D:5)
  4 slaves (D:4)
  12 wolves
  15 ogres
  A swamp dragon zombie (Swamp:2)
  9 boggarts (Vaults:1)
  2 necrophages (Crypt:1)
  A snapping turtle skeleton (Crypt:2)
  3 kobold brigands
  9 bullfrogs
  Blork the orc (D:5)
  2 earth elementals
  6 gnoll sergeants
  3 centaurs
  A human skeleton (Vaults:1)
  4 scorpions
  38 killer bees
  4 wights
  16 orc priests
  An electric eel (D:8)
  7 crimson imps
  A wolf skeleton (D:10)
  8 hounds
  A jelly (D:6)
  A black bear zombie (Crypt:2)
  An iron imp (Depths:4)
  3 gnoll shamans
  A black bear skeleton (Crypt:2)
  An iguana (D:4)
  32 orc wizards
  2 hell rats (Lair:3)
  8 worker ants
  2 hound skeletons
  7 mummies (Ossuary)
  2 howler monkey zombies
  3 worker ant zombies
  17 gnolls
  2 howler monkey skeletons (D:8)
  2 scorpion zombies
  15 adders
  11 river rats
  5 shadow imps
  An ooze (D:1)
  An oni zombie (Crypt:1)
  2 adder skeletons
  2 adder zombies
  7 worms
  5 leopard geckos
  86 orcs
  4 bats
  2 bat zombies (D:3)
  5 giant cockroaches
  2 gnoll zombies (Ossuary)
  11 goblins
  10 hobgoblins
  4 jackals
  4 ball pythons
  2 frilled lizards
  3 hobgoblin zombies (Ossuary)
  21 kobolds
  A kobold zombie (Ossuary)
  An orc skeleton (Crypt:2)
  2 orc zombies (Ossuary)
  A quokka skeleton (D:6)
  11 rats
  2 rat zombies (D:3)
  A plant (Lair:3)
2076 creatures vanquished.

Vanquished Creatures (collateral kills)
  the Lernaean hydra (Swamp:3)
  A draconian shifter (Zot:3)
  An ironheart preserver (Vaults:1)
  A black draconian (Zot:3)
  2 hydras
  An ice dragon (Depths:1)
  A centaur warrior (Vaults:1)
  An ironheart convoker (Vaults:1)
  3 deep elf magi (Elf:3)
  A swamp drake (Swamp:3)
  An orc wizard (D:12)
14 creatures vanquished.

Vanquished Creatures (others)
  A lich (Vaults:3)
  A storm dragon (Vaults:3)
  A frost giant (Vaults:3)
  A vault warden (Vaults:1)
  9 stone giants
  An ironheart preserver (Vaults:3)
  A jiangshi (Depths:5)
  A vampire knight (Depths:2)
  6 yaktaur captains
  2 vault guards (Vaults:3)
  A vampire mage (Depths:5)
  7 centaur warriors
  A hell knight (Depths:3)
  An unseen horror (shapeshifter) (Depths:2)
  A cyclops (Vaults:1)
  2 deep elf magi
  3 ironheart convokers
  A salamander (Depths:2)
  A moth of wrath (Zot:5)
  3 will-o'-wisps (Swamp:1)
  A vault sentinel (Vaults:3)
  14 yaktaurs
  2 slime creatures (Vaults:3)
  An orc warrior (Vaults:3)
  An orc wizard (Orc)
  A mummy (Ossuary)
  An orc (Vaults:3)
  29 fungi
  67 plants
  10 tentacles (Shoals:1)
172 creatures vanquished.

Grand Total: 2262 creatures vanquished

Notes
Turn   | Place    | Note
-------+----------+-------------------------------------------
     0 | D:1      | MisterOstroum the Demigod Wanderer began the quest for the
                  | Orb.
     0 | D:1      | MisterOstroum set off with the following items: a +2
                  | dagger, a potion of heal wounds {@q2 !q}, a +0 hand axe, a
                  | potion of curing {@q1 !q}, a ration {!d}, a +0 robe
     0 | D:1      | Reached XP level 1. HP: 16/16 MP: 4/4
   218 | D:1      | Reached XP level 2. HP: 24/24 MP: 5/5
   862 | D:1      | Reached * piety under Demigod
  1463 | D:2      | Reached XP level 3. HP: 30/30 MP: 6/6
  2104 | D:2      | Reached XP level 4. HP: 37/37 MP: 8/8
  2132 | D:2      | Got a sparkling jade ring
  2133 | D:2      | Identified the ring "Juutavafoq" {Fire rPois Str-5 Dex+4}
                  | (You found it on level 2 of the Dungeon)
  2214 | D:3      | Found a stormy altar of Qazlal.
  2215 | D:3      | Noticed a fire elemental
  2216 | D:3      | Noticed an earth elemental
  2217 | D:3      | Noticed a water elemental
  2217 | D:3      | Noticed an air elemental
  2275 | D:3      | Reached ** piety under Demigod
  2325 | D:3      | Reached skill level 1 in Slings
  2830 | D:3      | Reached XP level 5. HP: 44/44 MP: 9/9
  2845 | D:3      | Found an ancient bone altar of Kikubaaqudgha.
  3151 | D:4      | Noticed an orc warrior
  3189 | D:4      | HP: 1/44 [orc warrior/+0 hand axe (10)]
  3197 | D:4      | Killed an orc warrior
  3198 | D:4      | Reached skill level 1 in Invocations
  3598 | D:4      | Reached XP level 6. HP: 34/50 MP: 6/10
  3643 | D:4      | Reached skill level 1 in Short Blades
  3680 | D:4      | Noticed Pikel
  3680 | D:4      | Noticed a slave
  3680 | D:4      | Noticed a slave
  3680 | D:4      | Noticed a slave
  3680 | D:4      | Noticed a slave
  3701 | D:4      | Paralysed by Pikel for 3 turns
  3730 | D:4      | Killed a slave
  3735 | D:4      | Paralysed by Pikel for 2 turns
  3745 | D:4      | Killed a slave
  3752 | D:4      | Killed a slave
  3756 | D:4      | Killed Pikel
  3757 | D:4      | Reached skill level 5 in Slings
  3757 | D:4      | Reached XP level 7. HP: 35/57 MP: 8/12
  4014 | D:4      | Found Dofach's Jewellery Boutique.
  4405 | D:5      | Entered Level 5 of the Dungeon
  4405 | D:5      | Noticed Blork the orc
  4493 | D:5      | Killed Blork the orc
  4781 | D:5      | Found Jomuk's Magic Scroll Emporium.
  4788 | D:5      | Reached skill level 1 in Dodging
  4788 | D:5      | Reached XP level 8. HP: 62/63 MP: 13/13
  5096 | D:5      | Bought a scroll of teleportation for 30 gold pieces
  5096 | D:5      | Bought a scroll of remove curse for 30 gold pieces
  5096 | D:5      | Bought a scroll of magic mapping for 35 gold pieces
  5136 | D:5      | Found a blossoming altar of Fedhas.
  5220 | D:5      | Found a sparkling altar of Nemelex Xobeh.
  5713 | D:6      | Reached *** piety under Demigod
  5905 | D:6      | Found a glowing drain.
  5914 | Sewer    | Entered a sewer
  6234 | D:6      | Found a sand-covered staircase.
  6243 | Ossuary  | Entered an ossuary
  6532 | D:6      | Found a snail-covered altar of Cheibriados.
  6684 | D:6      | Reached XP level 9. HP: 38/70 MP: 10/15
  6762 | D:6      | Found a transporter.
  6763 | D:6      | Found a transporter.
  6812 | D:6      | Reached **** piety under Demigod
  7170 | D:6      | Reached skill level 1 in Long Blades
  7272 | D:6      | Reached skill level 5 in Invocations
  7343 | D:6      | Found Ehoib's Food Emporium.
  7827 | D:7      | Found a staircase to the Ecumenical Temple.
  7878 | D:7      | Got a polished hand axe
  8001 | D:7      | Found Bill's Assorted Antiques.
  8007 | D:7      | Found a glowing golden altar of the Shining One.
  8070 | D:7      | Bought a coppery potion for 27 gold pieces
  8070 | D:7      | Bought a scroll labeled BANLYS TIEJ for 31 gold pieces
  8070 | D:7      | Bought a scroll labeled KOKOERGH LAFUST for 31 gold pieces
  8070 | D:7      | Bought a runed helmet for 232 gold pieces
  8100 | D:7      | Found a transporter.
  8104 | D:7      | Found a transporter.
  8104 | D:7      | Identified the cursed +1 spear of Moih {venom, rF++}
  8104 | D:7      | Identified the cursed +0 medium shield "Saogell" {rN+
                  | Str+8}
  8112 | D:7      | Noticed BLiZZARD's ghost (novice DsAc)
  8288 | D:7      | Reached skill level 2 in Long Blades
  8298 | D:7      | Reached skill level 5 in Evocations
  8684 | D:8      | Reached XP level 10. HP: 51/80 MP: 13/19
  8751 | D:8      | Found a sacrificial altar of Ru.
  8779 | D:8      | Found a staircase to the Lair.
  9090 | D:8      | Reached skill level 3 in Long Blades
  9197 | D:8      | Noticed a deep elf mage
  9204 | D:8      | Killed a deep elf mage
  9464 | D:8      | Noticed Grum
  9480 | D:7      | Reached skill level 5 in Fighting
  9554 | D:8      | Killed Grum
  9814 | D:8      | Identified the +7 hand axe of Kitung {speed, *Corrode Str+4
                  | Dex+4} (You found it on level 7 of the Dungeon)
  9903 | D:8      | Found an opulent altar of Gozag.
  9923 | D:8      | Found a shattered altar of Ashenzari.
 10205 | D:8      | Reached skill level 4 in Long Blades
 10237 | D:8      | Reached ***** piety under Demigod
 10517 | D:9      | Noticed a sun demon
 10559 | D:9      | Found a runed translucent gate.
 10560 | D:9      | Found a runed translucent gate.
 10560 | D:9      | Found a runed translucent gate.
 10602 | D:9      | Found an opulent altar of Gozag.
 10640 | D:9      | Reached skill level 10 in Invocations
 10900 | D:9      | Noticed a tengu warrior
 10940 | Lair:1   | Entered Level 1 of the Lair of Beasts
 10964 | Lair:1   | Noticed an eight-headed hydra
 11141 | Lair:1   | Reached XP level 11. HP: 87/88 MP: 20/22
 11188 | Lair:1   | Noticed a four-headed hydra
 11230 | Lair:1   | Killed a four-headed hydra
 11239 | Lair:1   | Reached skill level 5 in Dodging
 11293 | Lair:1   | Killed a cane toad
 11294 | Lair:1   | Reached skill level 5 in Armour
 11445 | Lair:1   | Noticed a six-headed hydra
 11539 | Lair:2   | Noticed a six-headed hydra
 11642 | Lair:2   | Reached skill level 5 in Long Blades
 11823 | Lair:2   | Found a staircase to the Shoals.
 13152 | Lair:3   | Reached XP level 12. HP: 97/97 MP: 24/24
 13194 | Lair:3   | Reached skill level 6 in Long Blades
 13802 | Lair:3   | Found a staircase to the Swamp.
 14445 | Lair:4   | Noticed Kirke
 14517 | Lair:4   | Noticed Sonja
 14566 | Lair:4   | Killed Sonja
 14925 | Lair:4   | Killed Kirke
 15819 | Lair:5   | Found a frozen archway.
 15856 | IceCv    | Entered an ice cave
 16010 | IceCv    | Reached skill level 7 in Long Blades
 16242 | IceCv    | Noticed an ice dragon
 16243 | IceCv    | Noticed an ice dragon
 16306 | IceCv    | Killed an ice dragon
 16326 | IceCv    | Killed an ice dragon
 16327 | IceCv    | Reached XP level 13. HP: 22/107 MP: 8/26
 16527 | IceCv    | Got a smoking lead ring
 16535 | IceCv    | Got a scorched golden ring
 16587 | IceCv    | Identified the ring "Xuaxomaske" {Dex+2 Stlth--} (You found
                  | it in an ice cave)
 16595 | IceCv    | Identified the cursed ring "Haenkuq" {*Slow Str+4 Dex+3
                  | Stlth--} (You found it in an ice cave)
 16999 | Lair:5   | Found a staircase to the Slime Pits.
 17003 | Lair:5   | Found a viscous altar of Jiyva.
 17580 | Lair:6   | Entered Level 6 of the Lair of Beasts
 18711 | D:9      | Found an iron altar of Okawaru.
 19133 | D:9      | Noticed Coyote68's ghost (novice DrTm)
 19133 | D:9      | Noticed Cris's ghost (novice GnFi)
 19133 | D:9      | Noticed Mehrunes's ghost (novice DgFi)
 19296 | D:9      | Killed Coyote68's ghost
 19302 | D:9      | Killed Mehrunes's ghost
 19310 | D:9      | Killed Cris's ghost
 19311 | D:9      | Reached skill level 8 in Long Blades
 19340 | D:9      | Got an iridescent scimitar
 19375 | D:10     | Entered Level 10 of the Dungeon
 19426 | D:10     | Found Otihacu's Antique Weapon Emporium.
 19437 | D:10     | Bought a blowgun for 50 gold pieces
 19475 | D:10     | Found Janorph's Book Shop.
 19678 | D:10     | Found a staircase to the Orcish Mines.
 19745 | D:10     | Found a hazy altar of Hepliaklqana.
 19784 | D:10     | Found a portal to a secret trove of treasure.
 19894 | D:10     | Found Pahus's Weapon Boutique.
 19902 | D:10     | Bought 298 sling bullets for 357 gold pieces
 19956 | D:10     | Found Keoxid's Magic Scroll Emporium.
 19964 | D:10     | Bought a scroll of magic mapping for 42 gold pieces
 19964 | D:10     | Bought a scroll of noise for 12 gold pieces
 20124 | D:10     | Found Estus's General Store.
 20144 | D:10     | Identified the +3 scimitar of Benevolence {freeze, rC+
                  | Dex+2} (You found it on level 9 of the Dungeon)
 20369 | D:11     | Got a steaming scale mail
 20380 | D:11     | Identified the +6 scale mail of Supple Strength {rF+ MR+
                  | MP+9} (You found it on level 11 of the Dungeon)
 20618 | D:11     | Found Iloegan's Jewellery Emporium.
 20741 | D:11     | Noticed Psyche
 20973 | D:11     | Killed Psyche
 21180 | D:11     | Noticed Frances
 21329 | D:11     | Killed Frances
 21750 | D:12     | Entered Level 12 of the Dungeon
 21976 | D:12     | Reached XP level 14. HP: 100/118 MP: 28/28
 22891 | D:12     | Found a staircase to the Depths.
 22909 | D:12     | Reached ****** piety under Demigod
 22942 | D:12     | Found a gateway to a bazaar.
 23248 | D:12     | Found a gate to the Vaults.
 23885 | D:6      | Noticed jojo4K's ghost (novice DsBe)
 23898 | D:6      | Killed jojo4K's ghost
 24140 | D:7      | Killed BLiZZARD's ghost
 24202 | D:7      | HP: 5/119 [poisoned by a gnoll]
 24208 | D:7      | HP: 4/119 [poisoned by a gnoll]
 24215 | D:7      | HP: 4/119 [poisoned by a gnoll]
 24222 | D:7      | HP: 4/119 [poisoned by a gnoll]
 24457 | D:7      | Identified the Papyrus of Black Secrets and Flight
 24470 | D:7      | Got a transparent lead ring
 24472 | D:7      | Identified the ring "Umeotzai" {Ice Str+4} (You found it on
                  | level 7 of the Dungeon)
 24592 | Orc      | Entered the Orcish Mines
 24867 | Orc      | Reached skill level 9 in Long Blades
 24867 | Orc      | Reached skill level 1 in Throwing
 24872 | Orc      | Found Xaygejei's Magic Scroll Boutique.
 24890 | Orc      | Bought a scroll of acquirement for 728 gold pieces
 24890 | Orc      | Identified the +1 hunting sling "Busasovi" {velocity, rElec
                  | rC+ rN+} (You acquired it in the Orcish Mines)
 24890 | Orc      | Identified the +0 hat "Istiaxtu" {SInv} (You acquired it in
                  | the Orcish Mines)
 24915 | Orc      | Found a radiant altar of Vehumet.
 24947 | Orc      | Found Fahecag's Gadget Boutique.
 24955 | Orc      | Noticed Nergalle
 24966 | Orc      | Reached skill level 10 in Fighting
 24966 | Orc      | Reached skill level 1 in Shields
 24970 | Orc      | Killed Nergalle
 24971 | Orc      | Reached skill level 10 in Slings
 25063 | Orc      | Found an ancient bone altar of Kikubaaqudgha.
 25142 | Orc      | Found a roughly hewn altar of Beogh.
 25142 | Orc      | Found Goax's Distillery.
 25215 | Orc      | Found Fopraiq's Antique Armour Shop.
 25264 | Orc      | Bought a wand of iceblast (7) for 168 gold pieces
 25391 | Orc      | Found a staircase to the Elven Halls.
 25413 | Orc      | Found Zaibioresk's Weapon Emporium.
 25571 | Orc      | Bought a potion of agility for 52 gold pieces
 25571 | Orc      | Bought a potion of cancellation for 65 gold pieces
 25571 | Orc      | Bought a potion of resistance for 130 gold pieces
 25571 | Orc      | Bought a potion of heal wounds for 65 gold pieces
 25571 | Orc      | Bought 2 potions of curing for 65 gold pieces
 25571 | Orc      | Bought a potion of haste for 130 gold pieces
 25571 | Orc      | Bought a potion of heal wounds for 65 gold pieces
 25571 | Orc      | Bought a potion of curing for 32 gold pieces
 25571 | Orc      | Bought a potion of haste for 130 gold pieces
 25571 | Orc      | Bought 2 potions of lignification for 78 gold pieces
 25571 | Orc      | Bought a potion of cancellation for 65 gold pieces
 25580 | Orc      | Bought an embroidered scarf for 280 gold pieces
 25795 | Elf:1    | Entered Level 1 of the Elven Halls
 26208 | Swamp:1  | Entered Level 1 of the Swamp
 26669 | Swamp:1  | Reached XP level 15. HP: 51/127 MP: 14/30
 27997 | Swamp:2  | Learned a level 2 spell: Blink
 27999 | Swamp:2  | Learned a level 1 spell: Apportation
 28001 | Swamp:2  | Learned a level 1 spell: Infusion
 28186 | Swamp:2  | Reached skill level 1 in Charms
 28199 | Swamp:2  | Reached skill level 1 in Translocations
 28943 | Shoals:1 | Entered Level 1 of the Shoals
 29501 | Shoals:1 | Reached skill level 10 in Long Blades
 30258 | Shoals:1 | Noticed a kraken
 30274 | Shoals:1 | Killed a kraken
 30732 | Shoals:2 | Reached XP level 16. HP: 127/136 MP: 31/31
 30743 | Shoals:2 | Reached skill level 5 in Shields
 31087 | Shoals:2 | Reached skill level 5 in Throwing
 31319 | Shoals:2 | Found a runed translucent door.
 31319 | Shoals:2 | Found a shimmering altar of Xom.
 31319 | Shoals:2 | Noticed fifreuwaquouxo3460's ghost (journeyman TrAc)
 31320 | Shoals:2 | Found the amulet of Vitality {Regen HP+25}
 31638 | Shoals:3 | Entered Level 3 of the Shoals
 31884 | Shoals:3 | Got a barnacled rune of Zot
 32225 | Shoals:3 | Noticed Aizul
 32237 | Shoals:3 | Killed Aizul
 32608 | Shoals:3 | Identified the +7 war axe "Reytakh" {vamp, rF+ Int+3}
 34139 | Swamp:3  | Entered Level 3 of the Swamp
 34240 | Swamp:3  | Noticed a thorn hunter
 34248 | Swamp:3  | Killed a thorn hunter
 34289 | Swamp:3  | Noticed Enish's ghost (adept EnSA)
 34347 | Swamp:3  | Reached skill level 10 in Evocations
 34483 | Swamp:3  | Found a transporter.
 34496 | Swamp:3  | Found a transporter.
 34520 | Swamp:3  | Reached skill level 15 in Slings
 34760 | Swamp:3  | Reached XP level 17. HP: 142/143 MP: 33/33
 34887 | Swamp:3  | Noticed the 27-headed Lernaean hydra
 34906 | Swamp:3  | Killed the 27-headed Lernaean hydra
 34907 | Swamp:3  | Reached skill level 15 in Invocations
 34943 | Swamp:3  | Got a decaying rune of Zot
 35714 | Elf:1    | Found Tass's Jewellery Shoppe.
 35718 | Elf:1    | Found Curr's Gadget Emporium.
 35719 | Elf:1    | Found Zomycil's Antique Weapon Shoppe.
 35861 | Elf:1    | Reached skill level 10 in Dodging
 36505 | Elf:1    | Found Taitzir's Gadget Boutique.
 36515 | Elf:1    | Bought a lamp of fire for 480 gold pieces
 36612 | Elf:1    | Noticed a Hell Sentinel
 36630 | Elf:1    | Noticed a Brimstone Fiend
 36743 | Elf:1    | Identified the amulet of the Harvest {Spirit rPois Str-3
                  | Int+3 Dex+7}
 36757 | Elf:1    | Found a runed translucent gate.
 36757 | Elf:1    | Found a runed translucent gate.
 36757 | Elf:1    | Found a runed translucent gate.
 36757 | Elf:1    | Found a runed translucent gate.
 36757 | Elf:1    | Found a runed translucent gate.
 36759 | Elf:1    | Found a runed translucent gate.
 37827 | Elf:2    | Found a runed gate.
 37828 | Elf:2    | Found a runed gate.
 37828 | Elf:2    | Found a runed gate.
 37905 | Elf:2    | Found a crumbling gateway.
 37999 | Desolati | Entered the Desolation of Salt
 38108 | Desolati | Reached XP level 18. HP: 124/152 MP: 35/35
 38617 | Desolati | Identified the +1 chain mail of the Six Knaves {Int+4}
 38660 | Desolati | Identified the +9 plate armour of Distant Worlds {rF- rCorr
                  | Int+4}
 38685 | Desolati | Identified the ring of Ovanalo Caar {Ice +Blink Int+3
                  | Dex+4}
 38699 | Desolati | Identified the +9 halberd "Wifeq" {flame, rF+ rC- Str+2}
 39292 | Desolati | Identified the ring of Pidee {rCorr Dex+3}
 39450 | Desolati | Reached skill level 11 in Long Blades
 39494 | Desolati | Identified the Compendium of the Tired Wishes
 39497 | Desolati | Identified the cursed +1 plate armour of Defiance {MR+}
 39499 | Desolati | Identified the cursed +0 ring mail "Rinosobb" {rC- Regen+
                  | Dex+3 Slay+6}
 40628 | Elf:3    | Entered Level 3 of the Elven Halls
 40731 | Elf:2    | Learned a level 3 spell: Regeneration
 40891 | Elf:3    | Reached skill level 1 in Necromancy
 40963 | Elf:3    | Found Sacwiaray's Magic Scroll Boutique.
 40967 | Elf:3    | Bought a scroll of teleportation for 54 gold pieces
 40967 | Elf:3    | Bought a scroll of acquirement for 936 gold pieces
 40967 | Elf:3    | Identified the +0 cloak "Piodgh" {-Cast rCorr Str+3} (You
                  | acquired it on level 3 of the Elven Halls)
 40967 | Elf:3    | Identified the ring "Matiom" {rN+ rCorr} (You acquired it
                  | on level 3 of the Elven Halls)
 41701 | Elf:3    | Noticed a Brimstone Fiend
 41817 | Elf:3    | Reached skill level 5 in Necromancy
 41817 | Elf:3    | Reached XP level 19. HP: 149/161 MP: 36/36
 41922 | Elf:3    | Identified the cursed +1 long sword "Eriano Axti" {vamp,
                  | *Drain rElec MR- SInv}
 41944 | Elf:3    | Reached skill level 5 in Spellcasting
 42279 | Elf:3    | Identified the +1 morningstar of Skirmishing {holy, Fragile
                  | rC++ Str+3}
 42363 | Elf:3    | Cast into level 1 of the Abyss (a deep elf sorcerer)
 42395 | Elf:3    | Escaped the Abyss
 42503 | Elf:3    | HP: 3/161 [deep elf elementalist/fireball (49)]
 42698 | Elf:3    | Identified the cursed +0 robe of Impermeability {rElec MR+
                  | Regen+ rCorr Str-4}
 42838 | Elf:3    | Reached skill level 10 in Throwing
 42879 | Elf:3    | Reached skill level 5 in Charms
 43166 | Elf:3    | Found the +0 Maxwell's etheric cage {RegenMP+ *Contam rElec
                  | Stlth-}
 43537 | Orc      | Bought a scroll of enchant weapon for 105 gold pieces
 43537 | Orc      | Bought a scroll of teleportation for 42 gold pieces
 43621 | D:10     | Bought a scroll of enchant weapon for 90 gold pieces
 43658 | D:12     | Reached skill level 12 in Long Blades
 43909 | D:4      | Bought the amulet of Fatigue {Reflect rElec Int+4 Dex+3
                  | SH+4} for 828 gold pieces
 44087 | Vaults:1 | Entered Level 1 of the Vaults
 44118 | Vaults:1 | Reached skill level 10 in Armour
 44689 | Vaults:1 | Reached XP level 20. HP: 144/170 MP: 37/37
 45531 | Vaults:1 | Found Bilath's Jewellery Emporium.
 46537 | Vaults:2 | Found a staircase to the Crypt.
 46537 | Vaults:2 | Found an ancient bone altar of Kikubaaqudgha.
 46537 | Vaults:2 | Found a basalt altar of Yredelemnul.
 46723 | Vaults:2 | Found Xemu's Assorted Antiques.
 46994 | Vaults:2 | Noticed Asterion
 46994 | Vaults:2 | Noticed Frederick
 47018 | Vaults:2 | Killed Frederick
 47019 | Vaults:2 | Killed Asterion
 47566 | Crypt:1  | Entered Level 1 of the Crypt
 47695 | Crypt:1  | Found an ancient bone altar of Kikubaaqudgha.
 47882 | Crypt:1  | Identified the cursed +0 cloak of Lased {Dex+4}
 48284 | Crypt:2  | Entered Level 2 of the Crypt
 48327 | Crypt:2  | Reached XP level 21. HP: 167/179 MP: 38/38
 48620 | Crypt:2  | Reached skill level 13 in Long Blades
 48733 | Crypt:2  | Noticed a profane servitor
 48745 | Crypt:2  | Noticed Jory
 48748 | Crypt:2  | Noticed a greater mummy
 48808 | Crypt:2  | Reached skill level 14 in Long Blades
 49095 | Crypt:2  | Found a staircase to the Tomb.
 49203 | Crypt:2  | Found a basalt altar of Yredelemnul.
 49205 | Crypt:2  | Found an ancient bone altar of Kikubaaqudgha.
 49226 | Crypt:2  | Killed a greater mummy
 49331 | Crypt:2  | Identified the +0 scimitar of Absolution {slice, MR+}
 49394 | Crypt:2  | Killed Jory
 49843 | Crypt:2  | Killed a profane servitor
 49844 | Crypt:2  | Reached skill level 15 in Long Blades
 50018 | Depths:1 | Entered Level 1 of the Depths
 50801 | Depths:1 | Reached XP level 22. HP: 187/187 MP: 39/39
 50805 | Depths:1 | Found a gateway to Hell.
 50808 | Depths:1 | Identified the cursed +2 demon blade of the Empty Page
                  | {freeze, +Inv MR+ Str+3 Int+4}
 50935 | Depths:1 | Found a one-way gate leading to the halls of Pandemonium.
 52412 | Vaults:1 | Bought the ring of Attitude {rF+ rC++} for 792 gold pieces
 52936 | Depths:2 | Reached skill level 5 in Translocations
 52989 | Depths:2 | Reached skill level 16 in Long Blades
 54080 | Depths:2 | Reached skill level 10 in Shields
 54621 | Depths:3 | Reached XP level 23. HP: 148/195 MP: 40/40
 55064 | Depths:3 | Found the +7 longbow "Piercer" {penet, EV-2}
 55650 | Depths:3 | Noticed a Killer Klown
 55852 | Depths:3 | Killed a Killer Klown
 57188 | Depths:4 | Reached skill level 15 in Throwing
 57326 | Depths:4 | Noticed a Killer Klown
 57350 | Depths:4 | Killed a Killer Klown
 57461 | Depths:4 | Noticed a golden dragon
 57461 | Depths:4 | Noticed a Killer Klown
 57462 | Depths:4 | Found a runed gate.
 57462 | Depths:4 | Found a runed gate.
 57462 | Depths:4 | Found a runed gate.
 57462 | Depths:4 | Found a runed gate.
 57463 | Depths:4 | Found a runed gate.
 57463 | Depths:4 | Found a runed gate.
 58110 | Depths:5 | Entered Level 5 of the Depths
 58139 | Depths:5 | Reached skill level 10 in Charms
 58211 | Depths:5 | Found a gateway to a ziggurat.
 58285 | Depths:5 | Learned a level 6 spell: Deflect Missiles
 58288 | Depths:5 | Learned a level 2 spell: Swiftness
 58414 | Depths:5 | Found the +27 Lear's hauberk
 58514 | Depths:5 | Noticed a golden dragon
 58538 | Depths:5 | Reached skill level 15 in Fighting
 58548 | Depths:5 | Killed a golden dragon
 58555 | Depths:5 | Reached XP level 24. HP: 181/206 MP: 40/40
 58886 | D:5      | Bought a scroll of enchant armour for 75 gold pieces
 58886 | D:5      | Bought a scroll of enchant armour for 75 gold pieces
 59443 | Depths:5 | Noticed Margery
 59503 | Depths:5 | Killed Margery
 59885 | Depths:5 | Found a gate to the Realm of Zot.
 60071 | Depths:5 | Noticed a Killer Klown
 60081 | Depths:5 | Killed a Killer Klown
 60195 | Depths:5 | Identified the +6 chain mail of Benevolence {Str+3}
 60198 | Depths:5 | Identified the cursed +1 plate armour of the Saviour {rN+}
 60579 | Vaults:3 | Entered Level 3 of the Vaults
 60585 | Vaults:3 | Noticed a juggernaut
 60598 | Vaults:3 | Killed a juggernaut
 60640 | Vaults:3 | Noticed Bai Suzhen
 60666 | Vaults:3 | Killed Bai Suzhen
 60717 | Vaults:3 | Reached skill level 17 in Long Blades
 60739 | Vaults:3 | Reached XP level 25. HP: 171/216 MP: 41/41
 60758 | Vaults:3 | Reached skill level 5 in Air Magic
 60929 | Vaults:3 | Identified the +4 arbalest of Internal Strife {flame, rN++
                  | MR- Dex+5}
 61117 | Vaults:3 | Identified the ring of Difrouck {rElec MR+ MP-9 Stlth--}
 61262 | Vaults:3 | Noticed Saint Roka
 61278 | Vaults:3 | Killed Saint Roka
 61312 | Vaults:3 | Identified the +10 mace of the Hungering Eel {flame, rPois
                  | MR++ Int-3}
 61312 | Vaults:3 | Identified the amulet of Noclicina {Regen rPois MP-9 Str+5}
 61765 | Vaults:3 | Got a silver rune of Zot
 61865 | Vaults:3 | Identified the +1 ring mail of Philately {rF+ rN++}
 62342 | Bazaar   | Entered a bazaar
 62364 | Bazaar   | Found Lieq's Jewellery Emporium.
 62380 | Bazaar   | Found Naohomah's Book Shoppe.
 62380 | Bazaar   | Found Tefiuts's Gadget Emporium.
 62402 | Bazaar   | Found Amniroepp's Armour Shoppe.
 62450 | Bazaar   | Bought a wand of digging (7) for 208 gold pieces
 62450 | Bazaar   | Bought a wand of paralysis (8) for 117 gold pieces
 62450 | Bazaar   | Bought a wand of iceblast (6) for 136 gold pieces
 62450 | Bazaar   | Bought a wand of acid (7) for 208 gold pieces
 62450 | Bazaar   | Bought a wand of acid (7) for 208 gold pieces
 62450 | Bazaar   | Bought a lightning rod (4/4) for 520 gold pieces
 62450 | Bazaar   | Bought a wand of scattershot (3) for 156 gold pieces
 62450 | Bazaar   | Bought a wand of iceblast (10) for 214 gold pieces
 62450 | Bazaar   | Bought a phantom mirror for 260 gold pieces
 62450 | Bazaar   | Bought a wand of iceblast (9) for 195 gold pieces
 62605 | Zot:1    | Entered Level 1 of the Realm of Zot
 62784 | Zot:2    | Noticed an orb of fire
 62785 | Zot:2    | Gained mutation: You are weak. (Str -2) [an orb of fire]
 62819 | Zot:2    | Gained mutation: Potions are less effective at restoring
                  | your health. [an orb of fire]
 62822 | Zot:2    | Gained mutation: You are very weak. (Str -4) [an orb of
                  | fire]
 62824 | Zot:1    | Lost mutation: You are very weak. (Str -4) [potion of
                  | mutation]
 62824 | Zot:1    | Lost mutation: Potions are less effective at restoring your
                  | health. [potion of mutation]
 62824 | Zot:1    | Gained mutation: You are agile. (Dex +2) [potion of
                  | mutation]
 62824 | Zot:1    | Gained mutation: Your system is resistant to poisons.
                  | (rPois) [potion of mutation]
 62824 | Zot:1    | Gained mutation: You are partially covered in large bone
                  | plates. (SH +4) [potion of mutation]
 62982 | Zot:1    | Noticed a golden dragon
 63001 | Zot:1    | Killed a golden dragon
 63611 | Zot:2    | Killed an orb of fire
 64921 | Zot:5    | Entered Level 5 of the Realm of Zot
 64942 | Zot:5    | Reached XP level 26. HP: 227/227 MP: 41/41
 65021 | Zot:5    | Noticed a golden dragon
 65033 | Zot:5    | Killed a golden dragon
 66186 | Zot:3    | Identified the cursed +3 spear "Jad Nou" {drain, +Inv}
 66207 | Zot:3    | Lost mutation: You are weak. (Str -2) [potion of mutation]
 66207 | Zot:3    | Lost mutation: You are agile. (Dex +2) [potion of mutation]
 66207 | Zot:3    | Gained mutation: Your flesh is heat resistant. (rF+)
                  | [potion of mutation]
 66482 | D:10     | Bought a potion of brilliance for 48 gold pieces
 66737 | Vaults:2 | Found Xemu's Assorted Antiques.
 67603 | Zot:5    | Noticed a Killer Klown
 67603 | Zot:5    | Noticed an orb of fire
 67603 | Zot:5    | Noticed a Killer Klown
 67615 | Zot:5    | Gained mutation: Armour fits poorly on your strangely
                  | shaped body. [an orb of fire]
 67623 | Zot:5    | Killed an orb of fire
 67849 | Zot:4    | Reached skill level 15 in Evocations
 67896 | Zot:4    | Reached skill level 18 in Long Blades
 67968 | Zot:4    | Found a transporter.
 68351 | Zot:4    | Noticed a Killer Klown
 68411 | Zot:4    | Found a transporter.
 68608 | Zot:5    | Noticed an orb of fire
 68801 | Zot:5    | Killed a Killer Klown
 68810 | Zot:5    | Killed a Killer Klown
 68833 | Zot:5    | Noticed an ancient lich
 68887 | Zot:5    | Killed an ancient lich
 69015 | Zot:5    | Reached XP level 27. HP: 229/236 MP: 41/41
 69026 | Zot:5    | Noticed an orb of fire
 69042 | Zot:5    | Killed an orb of fire
 69062 | Zot:5    | Noticed an orb of fire
 69071 | Zot:5    | Gained mutation: Your flesh is cold resistant. (rC+) [an
                  | orb of fire]
 69076 | Zot:5    | Gained mutation: You are clumsy. (Dex -2) [an orb of fire]
 69081 | Zot:5    | Killed an orb of fire
 69363 | Zot:5    | Noticed an ancient lich
 69378 | Zot:5    | Killed an ancient lich
 69589 | Zot:5    | Reached skill level 19 in Long Blades
 69633 | Zot:5    | Noticed an orb of fire
 70043 | Zot:5    | Gained mutation: You are dopey. (Int -2) [an orb of fire]
 70052 | Zot:5    | Gained mutation: You tend to lose your temper in combat.
                  | [an orb of fire]
 70058 | Zot:5    | Killed an orb of fire
 70067 | Zot:5    | Lost mutation: You are clumsy. (Dex -2) [potion of
                  | mutation]
 70067 | Zot:5    | Lost mutation: You tend to lose your temper in combat.
                  | [potion of mutation]
 70067 | Zot:5    | Lost mutation: You are dopey. (Int -2) [potion of mutation]
 70067 | Zot:5    | Lost mutation: Your flesh is heat resistant. (rF+) [potion
                  | of mutation]
 70067 | Zot:5    | Gained mutation: You are partially covered in thin metallic
                  | scales. (AC +2) [potion of mutation]
 70067 | Zot:5    | Gained mutation: Your body sometimes deteriorates upon
                  | taking damage. [potion of mutation]
 70067 | Zot:5    | Gained mutation: You are somewhat resistant to further
                  | mutation. [potion of mutation]
 70215 | Zot:5    | Got the Orb of Zot
 70385 | Depths:5 | Noticed Eryoskei the pandemonium lord
 70695 | D:$      | Escaped with the Orb!

Skill      XL: |  1  2  3  4  5  6  7  8  9 10 11 12 13 14 15 16 17 18 19 20 21 22 23 24 25 26 27 |
---------------+----------------------------------------------------------------------------------+-----
Fighting       | 2 3 4 5 6 8 9 10 11 12 13 14 15 16 17 | 17.7
Stealth        | 2 |  2.1
Slings         | 2 3 5 6 7 8 9 10 15 16 | 16.0
Invocations    | 1 4 7 10 12 13 14 16 17 18 | 18.5
Short Blades   | 2 |  2.0
Evocations     | 3 4 5 6 7 8 10 11 15 | 15.0
Dodging        | 1 3 4 6 7 8 9 10 11 12 13 14 | 14.4
Armour         | 3 4 6 7 9 10 11 12 13 14 | 14.3
Long Blades    | 2 4 5 7 8 9 10 11 12 15 16 17 18 19 | 19.2
Throwing       | 2 4 6 8 10 12 13 14 15 16 | 16.2
Shields        | 2 4 5 7 8 9 10 11 12 13 | 13.7
Charms         | 2 3 5 7 8 10 | 10.0
Translocations | 1 2 5 |  5.0
Spellcasting   | 4 7 8 |  8.0
Necromancy     | 5 6 |  6.0
Air Magic      | 2 4 6 |  6.6
Axes           | |  1.0
Earth Magic    | |  1.7

Action                   |  1- 3 |  4- 6 |  7- 9 | 10-12 | 13-15 | 16-18 | 19-21 | 22-24 | 25-27 || total
-------------------------+-------+-------+-------+-------+-------+-------+-------+-------+-------++-------
Melee: Dagger            |   128 |       |       |       |       |       |       |       |       ||   128
       Short sword       |       |    80 |   298 |   586 |   114 |       |       |       |       ||  1078
       Scimitar          |       |       |    58 |    66 |   829 |   191 |       |       |       ||  1144
       Punch             |       |       |       |    11 |     8 |       |       |       |       ||    19
       Double sword      |       |       |       |       |       |     1 |   725 |   723 |   748 ||  2197
       Unarmed           |       |       |       |       |       |       |     5 |       |       ||     5
       Demon blade       |       |       |       |       |       |       |       |   124 |       ||   124
 Fire: Hunting sling     |     2 |    85 |   123 |   551 |   465 |    37 |       |       |       ||  1263
       Hand crossbow     |       |       |       |       |    77 |       |       |       |       ||    77
       Blowgun           |       |       |       |       |    13 |       |     3 |       |       ||    16
       Fustibalus        |       |       |       |       |       |  1618 |   705 |   486 |   261 ||  3070
Throw: Stone             |    32 |     1 |    12 |    50 |       |       |    27 |       |       ||   122
       Javelin           |       |       |     1 |     9 |    13 |     3 |    37 |    21 |   130 ||   214
       Tomahawk          |       |       |       |    83 |   213 |     5 |    93 |   120 |    24 ||   538
       Throwing net      |       |       |       |     2 |       |       |       |       |       ||     2
 Cast: Apportation       |       |       |       |       |       |     2 |     9 |     3 |    24 ||    38
       Regeneration      |       |       |       |       |       |     1 |    27 |    28 |    52 ||   108
       Infusion          |       |       |       |       |       |     1 |    12 |    15 |     7 ||    35
       Blink             |       |       |       |       |       |       |     1 |     2 |     1 ||     4
       Deflect Missiles  |       |       |       |       |       |       |       |     1 |     1 ||     2
Invok: Heroism           |       |       |     1 |    23 |    28 |    39 |    38 |    24 |    25 ||   178
       Temporal Distorti |       |       |     1 |     1 |     3 |       |       |       |     1 ||     6
       Major Destruction |       |       |       |    24 |    18 |    12 |     9 |     2 |     5 ||    70
       Divine Shield     |       |       |       |     6 |    11 |     9 |    21 |    14 |    11 ||    72
       Growth            |       |       |       |     1 |       |     1 |       |       |     3 ||     5
       Smiting           |       |       |       |       |     2 |    12 |     2 |     6 |     5 ||    27
 Abil: Evoke Flight      |       |       |       |       |       |     1 |       |     1 |       ||     2
       Evoke Invisibilit |       |       |       |       |       |       |       |     3 |     1 ||     4
       Stop Flying       |       |       |       |       |       |       |       |     1 |       ||     1
       Evoke Blink       |       |       |       |       |       |       |       |       |     7 ||     7
Evoke: Wand              |       |     1 |     4 |     6 |    43 |    29 |    12 |     8 |    42 ||   145
       Lamp of fire      |       |       |       |       |       |     2 |     3 |     8 |     5 ||    18
       Phantom mirror    |       |       |       |       |       |     1 |       |     2 |       ||     3
       Box of beasts     |       |       |       |       |       |     1 |       |       |       ||     1
       Phial of floods   |       |       |       |       |       |       |     1 |       |       ||     1
       Lightning rod     |       |       |       |       |       |       |       |       |     1 ||     1
  Use: Scroll            |     2 |       |     9 |    15 |    22 |     8 |    11 |    20 |    14 ||   101
       Potion            |       |     1 |     1 |     2 |     2 |     8 |     6 |     5 |    15 ||    40
 Stab: Sleeping          |     6 |     1 |       |     2 |       |       |       |       |       ||     9
       Paralysed         |       |       |       |     6 |    11 |       |       |     1 |     2 ||    20
       Distracted        |       |       |       |       |     1 |       |       |       |       ||     1
       Confused          |       |       |       |       |       |       |       |     9 |       ||     9
       Invisible         |       |       |       |       |       |       |       |     7 |     1 ||     8
       Betrayed ally     |       |       |       |       |       |       |       |       |     1 ||     1
  Eat: Chunk             |     8 |     9 |    24 |    54 |    68 |    44 |    37 |    33 |     9 ||   286
       Ration            |       |       |     2 |     1 |     7 |    10 |     8 |     8 |    16 ||    52
Armor: Robe              |    10 |       |       |       |       |       |       |       |       ||    10
       Ring mail         |     9 |    13 |       |       |       |       |       |       |       ||    22
       Leather armour    |       |    17 |    76 |    16 |       |       |       |       |       ||   109
       Troll leather arm |       |       |       |   115 |       |       |       |       |       ||   115
       Ice dragon scales |       |       |       |       |    57 |       |       |       |       ||    57
       Scale mail        |       |       |       |       |   248 |   270 |   174 |   100 |       ||   792
       Swamp dragon scal |       |       |       |       |       |    19 |       |       |       ||    19
       Gold dragon scale |       |       |       |       |       |       |       |    56 |   174 ||   230
Dodge: Dodged            |    51 |    32 |   243 |   843 |   894 |   459 |   348 |   281 |   288 ||  3439
       Deflected         |       |       |       |       |       |       |       |    17 |    38 ||    55
Block: Other             |       |       |       |    82 |    86 |       |       |       |       ||   168
       Medium shield     |       |       |       |       |   604 |   786 |  1159 |  1160 |  1088 ||  4797
       Reflection        |       |       |       |       |       |       |    72 |   116 |    46 ||   234
